Description

For 1v1 and 2v2

1:05 - Right after your pool finishes. You should have 3 larvas at the time.

Build Order

Get SALT Encoding   

  12  0:18  Spawning Pool  Finishes at 1:05.
  11  0:21  Extractor  Finishes at 0:42. Send 3 drones mining.
  10  0:25  Drone  
  11  0:31  Drone  
  12  0:43  Overlord  
  12  0:47  Drone  
  13  1:05  Zergling x3  Send them to the enemy natural/base.
  16  1:24  Metabolic Boost  
Spawning Tool Build Advisor. Get it on Overwolf

Go to:

Details

  • Created by: InnI
  • Published on: Apr 09, 2019
  • Modified on: Apr 09, 2019
  • Patch: 4.7.1
Show
View Real Time Build Order
Export as new Build Order

Comments (0)

There are no comments. Be the first!

Create an account to comment!